 Dungeon Crawl Stone Soup version 0.28.0-45-g0d030f2227 (webtiles) character file.

Game seed: 3702249726798434161

322 101zpm the Magician (level 6, -1/41 HPs)
             Began as a Djinni Ice Elementalist on Apr 16, 2022.
             Slain by a necrophage (5 damage)
             ... on level 4 of the Dungeon.
             The game lasted 00:05:34 (2012 turns).

101zpm the Magician (Djinni Ice Elementalist)       Turns: 2012, Time: 00:05:35

Health: -1/41      AC:  8    Str:  7    XL:     6   Next: 76%
Gold:   94         EV: 13    Int: 19    God:
                   SH:  0    Dex: 13

rFire   + + +      SeeInvis .   c - staff of fire
rCold   x . .      Faith    .   (no shield)
rNeg    . . .      Spirit   .   a - +0 robe
rPois   ∞          Reflect  .   (no helmet)
rElec   .          Harm     .   (no cloak)
rCorr   .          Rampage  .   (no gloves)
Will    .....                   (boots unavailable)
Stlth   ++........              (no amulet)
HPRegen 0.13/turn               (no ring)
MPRegen 0.00/turn               (no ring)

@: ice-armoured, freezing walls, flying
A: sickness immunity, fire resistance 2, cold vulnerability 1, float, innate
caster, HP casting, extra vitality 1
a: no special abilities


You were on level 4 of the Dungeon.
You visited 1 branch of the dungeon, and saw 4 of its levels.

You collected 94 gold pieces.

Inventory:

Missiles
 b - 90 stones
Armour
 a - a +0 robe (worn)
Magical Staves
 c - a staff of fire (weapon)
Scrolls
 e - a scroll of identify {unknown}
 g - a scroll of enchant armour {unknown}
 h - a scroll of vulnerability {unknown}
Potions
 d - a potion of heal wounds {unknown}
 f - a potion of might {unknown}
 i - a potion of invisibility {unknown}


   Skills:
 + Level 0.3 Fighting
 + Level 3.1 Dodging
 + Level 2.2 Stealth
 + Level 5.4 Spellcasting


You had one spell level left.
You knew the following spells:

 Your Spells              Type           Power      Damage    Failure   Level
a - Freeze                Ice            100%       1d11      1%          1
b - Frozen Ramparts       Ice            50%        1d7       3%          3
c - Ozocubu's Armour      Ice            25%        N/A       3%          3
d - Hailstorm             Conj/Ice       25%        3d7       12%         4
e - Magic Dart            Conj           100%       1d8       1%          1
f - Scorch                Fire           76%        2d9       1%          2
Your spell library was empty.

Dungeon Overview and Level Annotations

Branches:
Dungeon (4/15)
 Temple: D:4-7

Altars:
Ru


Innate Abilities, Weirdness & Mutations

You are immune to sickness and miasma.
You are immune to poison.
Your flesh is very heat resistant. (rF++)
You are vulnerable to cold. (rC-)
You float through the air rather than walking.
You learn spells naturally, not from books.
Your magical power is your life essence.
You have superior vitality. (+4 MHP)


Message History

The necrophage resists.
The wall freezes the necrophage.
The necrophage barely misses you.
The necrophage resists.
The wall freezes the necrophage.
The necrophage hits you but does no damage.
You closely miss the necrophage.
The necrophage is heavily damaged.
The wall freezes the orc.
The necrophage resists.
The wall freezes the necrophage.
The necrophage misses you.
The wall freezes the orc.
You closely miss the necrophage.
The necrophage is severely damaged.
The necrophage completely resists.
The wall freezes the necrophage but does no damage.
The necrophage hits you.
* * * LOW HITPOINT WARNING * * *
The wall freezes the orc.
You kill the orc!
You closely miss the necrophage.
The necrophage is severely damaged.
The frozen ramparts melt away.
The necrophage hits you but does no damage.
Casting: Frozen Ramparts (dangerous; 3% risk of failure)
Confirm with . or Enter, or press ? or * to list all spells.
Casting: Frozen Ramparts (dangerous; 3% risk of failure)
Press: ? - help, Dir - look around, f - activate The walls around you are covered in ice.
* * * LOW HITPOINT WARNING * * *
The necrophage resists.
The wall freezes the necrophage.
The necrophage hits you but does no damage.
The wall freezes the orc.
The orc barely misses you.
You barely miss the necrophage.
The necrophage is severely damaged.
The necrophage resists.
The wall freezes the necrophage.
The necrophage closely misses you.
The wall freezes the orc.
You kill the orc!
You barely miss the necrophage.
The necrophage is almost destroyed.
The necrophage resists.
The wall freezes the necrophage.
The necrophage hits you.
You die...

..#.#.. .............).....##
#.###................#......#
...####. .....##.....#.........
...#. .......#..............#..
#.... .........#............# #
..## ........###.......#......
##### .........###..........#..
..#.###..........)........###..
................@##....<..
.................n))......
.##.............##).......
.##..............#........
.##.##....................
..#.###.#.....##.)#..##...
.##.....##.....#..#..# ..
....#.......#†......... .
....#.....###..........#


You could see a necrophage.

Vanquished Creatures
  3 ogres (D:4)
  An iguana (D:4)
  An adder (D:3)
  9 orcs
  4 endoplasms
  2 giant cockroaches (D:4)
  A goblin (D:3)
  3 hobgoblins
  2 kobolds
  A quokka (D:3)
  2 ball pythons
  A bat (D:2)
  A frilled lizard (D:3)
31 creatures vanquished.

Notes
Turn   | Place    | Note
-------+----------+-------------------------------------------
     0 | D:1      | 101zpm the Djinni Ice Elementalist began the quest for the
                  | Orb.
     0 | D:1      | Reached XP level 1. HP: 15/15 MP: 0/0
   476 | D:4      | Reached XP level 2. HP: 8/21 MP: 0/0
   660 | D:4      | Noticed an ogre
   690 | D:3      | Found a faded altar of an unknown god.
   788 | D:3      | Found a sacrificial altar of Ru.
   961 | D:3      | Reached XP level 3. HP: 20/25 MP: 0/0
   961 | D:3      | Learned a level 1 spell: Magic Dart
  1393 | D:3      | Found a faded altar of an unknown god.
  1403 | D:3      | Reached skill level 4 in Spellcasting
  1687 | D:3      | You are sucked into a shaft and drop 1 floor!
  1696 | D:4      | Killed an ogre
  1697 | D:4      | Reached XP level 4. HP: 21/31 MP: 0/0
  1697 | D:4      | Reached XP level 5. HP: 24/36 MP: 0/0
  1697 | D:4      | Learned a level 2 spell: Scorch
  1982 | D:4      | Noticed an ogre
  1989 | D:4      | Killed an ogre
  1990 | D:4      | Reached skill level 5 in Spellcasting
  1990 | D:4      | Reached XP level 6. HP: 27/41 MP: 0/0
  1991 | D:4      | Noticed an ogre
  1996 | D:4      | Noticed a necrophage
  2000 | D:4      | Killed an ogre
  2012 | D:4      | Slain by a necrophage

Illustrated notes

Levels and vault maps discovered:
D:1:      scummos_arrival_simple_fountains, layout_loops_cross
D:2:      layout_basic, nicolae_grassy_gnolls
D:3:      layout_loops_ring, nicolae_overflow_ecumenical_swirl,
          nicolae_ru_sacrificial_ziggurat, portal_sewer_entry_f,
          hellmonk_ecumenical_altar_lost_god, chequers_serial_rivers_marsh
D:4:      layout_cave_pools, minitemple, serial_shops, shop,
          nicolae_shop_self_help

Skill      XL: |  1  2  3  4  5 |
---------------+----------------+-----
Spellcasting   | 4 5 |  5.4
Dodging        | 3 |  3.1
Stealth        | 2 |  2.2
Fighting       | |  0.3

Action                   |  1- 3 |  4- 6 || total
-------------------------+-------+-------++-------
Melee: Unarmed           |     4 |       ||     4
       Staff             |     4 |     7 ||    11
 Cast: Freeze            |    36 |     5 ||    41
       Frozen Ramparts   |     2 |     8 ||    10
       Ozocubu's Armour  |     1 |     2 ||     3
       Scorch            |       |     9 ||     9
Armor: Robe              |     4 |     5 ||     9
Dodge: Dodged            |    29 |     7 ||    36
